AoeStats
← Ustankim

Arena

507695091Analyzed
4v4 RM · 13d ago on Sep 19, 2026· 52m 25s· 8 players
Game mode
Random Map
Map size
Large (8 player)
Population
200
Speed
Normal
Resources
Standard
Victory
Conquest
Starting age
Dark Age
Ending age
Imperial Age
RankedLock teamsTeams togetherTeam positionsShared explorationLock speedFull tech treeHidden civsTurbo modeCheats
Victory
Defeat
🇩🇿 Saracens · Algeria
1203
+14
🇮🇳 Cumans · India
1185
+15
🇨🇴 Koreans · Colombia
1147
+16
🇸🇰 Goths · Slovakia
1072
+19
🇩🇰 Teutons · Denmark
1180
-17
🇨🇭 Jurchens · Switzerland
1163
-16
🇳🇱 Persians · Netherlands
1141
-16
🇩🇪 Britons · Germany
1118
-15
XXxCoExXX
11:29 Feudal Age
12:26 Double-Bit Axe
14:25 Gold Mining
17:04 Bloodlines
19:34 Castle Age
18:23 Bloodlines
18:47 Horse Collar
19:00 Stone Mining
20:27 Bow Saw
20:19 Heavy Plow
20:58 Wheelbarrow
23:55 Forging
24:27 Scale Barding Armor
24:28 Loom
25:40 Iron Casting
26:17 Chain Barding Armor
27:45 Hand Cart
32:43 Imperial Age
30:09 Fletching
30:57 Husbandry
30:59 Bodkin Arrow
31:56 Kamandaran
31:18 Crossbowman
32:04 Thumb Ring
32:01 Padded Archer Armor
32:59 Leather Archer Armor
32:59 Town Watch
33:41 Ballistics
33:34 Masonry
34:24 Chemistry
34:15 Plate Barding Armor
34:40 Blast Furnace
35:45 Blast Furnace
35:15 Ring Archer Armor
34:56 Cavalier
37:02 Savar
40:12 Chemistry
40:13 Coinage
41:09 Architecture
40:37 Murder Holes
41:25 Conscription
47:40 Light Cavalry
49:15 Hoardings
K_o_n_d_o_m
12:10 Feudal Age
12:35 Horse Collar
12:44 Double-Bit Axe
14:10 Wheelbarrow
14:46 Loom
21:33 Castle Age
23:13 Heavy Plow
23:26 Bow Saw
26:02 Gold Mining
27:37 Fletching
27:47 Padded Archer Armor
28:56 Stone Mining
29:20 Fortified Wall
32:11 Imperial Age
30:51 Murder Holes
32:34 Yeomen
32:14 Bodkin Arrow
33:25 Ballistics
33:57 Siege Engineers
35:05 Conscription
36:20 Chemistry
35:39 Leather Archer Armor
35:24 Bracer
37:02 Gold Shaft Mining
39:27 Ring Archer Armor
39:48 Warwolf
39:11 Elite Longbowman
49:02 Onager
Repl4y
10:07 Feudal Age
15:08 Castle Age
13:38 Horse Collar
14:23 Gold Mining
14:47 Double-Bit Axe
17:09 Devotion
17:41 Bow Saw
20:05 Squires
23:17 Gold Shaft Mining
23:33 Wheelbarrow
23:07 Squires
23:15 Scale Mail Armor
24:21 Gambesons
27:16 Loom
30:27 Imperial Age
28:37 Sanctity
28:33 Heavy Plow
32:02 Hand Cart
31:32 Town Watch
33:09 Stone Mining
Ustankim
2:52 Loom
2:57 Loom
11:19 Feudal Age
15:38 Castle Age
13:23 Horse Collar
14:39 Double-Bit Axe
15:34 Wheelbarrow
17:52 Heavy Plow
19:38 Hand Cart
19:59 Loom
21:57 Bow Saw
29:52 Imperial Age
29:19 Gold Mining
29:19 Stone Mining
30:16 Forging
30:12 Scale Barding Armor
30:21 Bloodlines
30:10 Cavalier
30:29 Pikeman
31:10 Squires
30:55 Arson
31:51 Scale Mail Armor
32:27 Iron Casting
32:13 Chain Barding Armor
32:06 Fortified Wall
31:34 Halberdier
33:22 Chain Mail Armor
33:26 Paladin
35:02 Crop Rotation
35:33 Two-Man Saw
35:36 Blast Furnace
36:03 Elite Teutonic Knight
37:17 Plate Mail Armor
36:13 Capped Ram
41:00 Plate Barding Armor
Cognito I
9:28 Feudal Age
10:07 Double-Bit Axe
10:04 Horse Collar
13:55 Loom
20:18 Castle Age
22:01 Gold Mining
22:58 Wheelbarrow
22:36 Bow Saw
22:35 Heavy Plow
22:25 Town Watch
26:50 Bloodlines
26:42 Light Cavalry
30:05 Scale Barding Armor
30:11 Forging
31:15 Chain Barding Armor
31:22 Hand Cart
32:47 Iron Casting
33:17 Gold Shaft Mining
32:32 Stone Mining
36:05 Imperial Age
36:30 Elite Steppe Lancer
38:23 Blast Furnace
39:17 Plate Barding Armor
40:30 Steppe Husbandry
42:58 Conscription
44:40 Fletching
45:36 Bodkin Arrow
45:23 Elite Kipchak
48:55 Chemistry
49:24 Ballistics
49:48 Murder Holes
50:04 Masonry
49:59 Town Patrol
Marze^
12:37 Feudal Age
12:46 Loom
18:52 Castle Age
17:42 Double-Bit Axe
17:53 Gold Mining
18:31 Stone Mining
24:52 Pikeman
25:32 Squires
26:11 Squires
26:52 Man-at-Arms
27:32 Horse Collar
28:26 Long Swordsman
29:12 Scale Mail Armor
30:44 Wheelbarrow
30:12 Heavy Plow
30:31 Bow Saw
34:33 Imperial Age
34:31 Chain Mail Armor
34:26 Forging
37:28 Conscription
38:51 Hand Cart
38:21 Town Watch
40:01 Stone Shaft Mining
39:58 Crop Rotation
40:29 Two-Man Saw
39:56 Ballistics
40:37 Chemistry
39:32 Murder Holes
39:48 Masonry
39:03 Two-Handed Swordsman
40:29 Halberdier
40:29 Champion
41:42 Town Patrol
42:18 Iron Casting
42:49 Elite Huskarl
45:39 Blast Furnace
44:38 Capped Ram
47:20 Anarchy
47:48 Perfusion
49:57 Architecture
51:44 Anarchy
HDm
10:34 Feudal Age
14:48 Castle Age
12:42 Double-Bit Axe
13:22 Horse Collar
14:52 Wheelbarrow
16:11 Bow Saw
24:31 Heavy Plow
25:26 Gold Mining
26:39 Hand Cart
26:37 Stone Mining
26:45 Loom
31:08 Imperial Age
29:41 Scale Barding Armor
29:49 Forging
29:46 Padded Archer Armor
30:32 Gold Shaft Mining
29:39 Treadmill Crane
30:11 Bloodlines
30:03 Husbandry
31:00 Chain Barding Armor
31:16 Iron Casting
31:05 Ballistics
31:15 Heavy Camel Rider
32:34 Conscription
31:43 Capped Ram
33:00 Plate Barding Armor
33:27 Blast Furnace
33:41 Chemistry
33:17 Leather Archer Armor
32:52 Fletching
40:17 Siege Ram
42:34 Ring Archer Armor
42:01 Bodkin Arrow
rubendariod01
9:10 Feudal Age
9:52 Double-Bit Axe
10:36 Horse Collar
17:52 Castle Age
16:37 Gold Mining
19:15 Loom
19:49 Fletching
20:29 Bodkin Arrow
21:37 Scale Barding Armor
21:48 Forging
27:30 Wheelbarrow
28:49 Hand Cart
29:36 Husbandry
28:57 Light Cavalry
32:07 Chain Barding Armor
32:36 Stone Mining
36:55 Imperial Age
36:25 Fortified Wall
37:38 Iron Casting
37:57 Ballistics
38:04 Conscription
38:13 Bow Saw
38:05 Elite War Wagon
38:42 Town Watch
39:36 Heavy Plow
40:38 Two-Man Saw
40:41 Chemistry
42:05 Eupseong
42:44 Stone Shaft Mining
42:52 Gold Shaft Mining
43:05 Town Patrol
43:49 Murder Holes
44:05 Masonry
44:12 Caravan
45:57 Scale Mail Armor
45:58 Bracer
47:07 Architecture
46:42 Siege Engineers
49:17 Hussar
Connection lost

Rejoining the realm…

Still unreachable

The connection could not be restored.

Session expired

The server has moved on; the page needs a fresh start.